General information
- name: BNet
- type: Ladder team game (AT/RT)
- host: Battle.net
- saver: Wife-Beater
map: Deadlock
- players: 8
- length: 43:10
- speed: Fast
- version: 1.26 W3XP
- replay type: Public
» download(209 KB)
Players
team 1 (loser)

»
popsurpuse (
orange | 41 APM | 515 actions | 12:37)
2 Warden
1 Fan of Knives
1 Shadow Strike
» actions
| Assign group hotkey | 3 | |
| Basic commands | 23 | |
| Build / train | 44 | |
| Enter build submenu | 12 | |
| Enter hero's abilities submenu | 2 | |
| Remove unit from queue | 4 | |
| Right click | 216 | |
| Select / deselect | 173 | |
| Select group hotkey | 5 | |
| Use ability | 33 | |
515 total
» units
| Wisp | 20 | |
| Archer | 7 | |
| Druid of the Talon | 1 | |
| Hippogryph | 3 | |
| Chimaera | 3 | |
34 total
» upgrades
» buildings
| Moon Well | 6 | |
| Altar of Elders | 1 | |
| Ancient of War | 1 | |
| Tree of Ages | 1 | |
| Tree of Life | 1 | |
| Tree of Eternity | 1 | |
| Ancient of Wind | 1 | |
| Chimaera Roost | 2 | |
14 total
» build order
00:22 Moon Well
00:36 Altar of Elders
01:15 Ancient of War
01:33 Moon Well
02:29 Tree of Ages
03:13 Moon Well
05:13 Tree of Life
05:19 Tree of Eternity
05:22 Ancient of Wind
08:47 Chimaera Roost
08:49 Chimaera Roost
09:19 Moon Well
09:34 Moon Well
10:28 Moon Well
Summerowns (
pink | 75 APM | 3232 actions | 43:10)
7 Archmage
2 Summon Water Elemental
2 Brilliance Aura
2 Blizzard
1 Mass Teleport
» actions
| Assign group hotkey | 125 | |
| Basic commands | 79 | |
| Build / train | 237 | |
| ESC pressed | 9 | |
| Enter build submenu | 80 | |
| Enter hero's abilities submenu | 7 | |
| Give item / drop item | 2 | |
| Remove unit from queue | 1 | |
| Right click | 979 | |
| Select / deselect | 467 | |
| Select group hotkey | 1005 | |
| Use ability | 241 | |
3232 total
» units
| Peasant | 19 | |
| Footman | 6 | |
| Sorceress | 2 | |
| Siege Engine | 7 | |
| Mortar Team | 8 | |
| Rifleman | 4 | |
| Priest | 3 | |
49 total
» upgrades
| Swords | 3 | |
| Armor | 3 | |
| Masonry | 3 | |
| Gunpowder | 3 | |
| Plating | 4 | |
| Sorceress Training | 2 | |
| Barrage | 1 | |
| Lumber Harvesting | 2 | |
| Long Rifles | 1 | |
| Priest Training | 2 | |
| Fragmentation Shards | 1 | |
| Flare | 1 | |
26 total
» buildings
| Altar of Kings | 1 | |
| Barracks | 1 | |
| Farm | 12 | |
| Arcane Vault | 1 | |
| Lumber Mill | 2 | |
| Blacksmith | 1 | |
| Town Hall | 3 | |
| Keep | 7 | |
| Scout Tower | 52 | |
| Guard Tower | 86 | |
| Castle | 5 | |
| Workshop | 1 | |
| Arcane Sanctum | 1 | |
| Gryphon Aviary | 2 | |
175 total
» build order
00:57 Altar of Kings
00:59 Barracks
01:03 Farm
01:06 Farm
01:30 Farm
02:41 Farm
02:43 Arcane Vault
02:47 Lumber Mill
02:50 Lumber Mill
03:25 Farm
03:27 Farm
03:35 Blacksmith
05:26 Town Hall
07:25 Keep
07:25 Keep
07:26 Keep
07:29 Farm
09:05 Scout Tower
09:07 Scout Tower
09:13 Scout Tower
09:13 Scout Tower
09:14 Scout Tower
09:15 Scout Tower
09:16 Scout Tower
09:16 Scout Tower
09:17 Scout Tower
09:18 Scout Tower
09:21 Scout Tower
09:41 Guard Tower
09:42 Guard Tower
09:42 Guard Tower
09:42 Guard Tower
09:44 Guard Tower
09:45 Guard Tower
09:45 Guard Tower
09:46 Guard Tower
09:46 Guard Tower
09:47 Guard Tower
09:47 Guard Tower
09:51 Castle
09:51 Castle
09:51 Castle
10:20 Guard Tower
10:51 Scout Tower
10:54 Scout Tower
11:48 Guard Tower
11:49 Guard Tower
11:49 Guard Tower
11:49 Guard Tower
12:43 Scout Tower
12:43 Scout Tower
12:44 Scout Tower
12:45 Scout Tower
12:48 Scout Tower
12:48 Scout Tower
12:49 Scout Tower
13:09 Scout Tower
13:11 Scout Tower
13:15 Scout Tower
13:17 Scout Tower
13:19 Guard Tower
13:19 Guard Tower
13:19 Guard Tower
13:19 Guard Tower
13:24 Scout Tower
13:44 Guard Tower
13:44 Guard Tower
13:47 Scout Tower
13:55 Guard Tower
13:56 Guard Tower
14:04 Workshop
14:06 Arcane Sanctum
14:57 Keep
14:58 Keep
15:01 Scout Tower
15:01 Scout Tower
15:02 Scout Tower
15:03 Scout Tower
15:04 Scout Tower
15:05 Scout Tower
15:07 Scout Tower
15:09 Guard Tower
15:09 Guard Tower
15:09 Guard Tower
15:10 Guard Tower
15:13 Scout Tower
15:15 Scout Tower
15:57 Guard Tower
15:57 Guard Tower
15:57 Guard Tower
16:00 Scout Tower
16:00 Scout Tower
16:01 Scout Tower
16:02 Scout Tower
16:08 Scout Tower
16:11 Scout Tower
16:30 Guard Tower
16:30 Guard Tower
16:31 Guard Tower
17:09 Guard Tower
17:10 Guard Tower
17:10 Guard Tower
17:10 Guard Tower
17:10 Guard Tower
17:11 Guard Tower
17:11 Guard Tower
17:12 Guard Tower
17:12 Guard Tower
17:12 Guard Tower
17:25 Scout Tower
17:27 Scout Tower
17:28 Scout Tower
17:31 Scout Tower
17:41 Scout Tower
17:43 Scout Tower
17:49 Guard Tower
17:49 Guard Tower
17:50 Guard Tower
18:06 Guard Tower
18:06 Guard Tower
18:07 Guard Tower
18:07 Guard Tower
18:07 Guard Tower
18:07 Guard Tower
18:08 Guard Tower
18:10 Guard Tower
18:10 Guard Tower
18:10 Guard Tower
18:10 Guard Tower
20:04 Scout Tower
20:05 Scout Tower
20:06 Scout Tower
20:07 Scout Tower
20:08 Scout Tower
21:04 Guard Tower
21:04 Guard Tower
21:05 Guard Tower
21:05 Guard Tower
24:55 Gryphon Aviary
24:55 Gryphon Aviary
27:21 Farm
27:21 Farm
27:22 Farm
27:24 Farm
32:27 Farm
33:40 Town Hall
42:46 Town Hall
» items
| Lesser Clarity Potion | 3 | |
| Scroll of Regeneration | 6 | |
| Mechanical Critter | 3 | |
| Periapt of Vitality | 2 | |
| Staff of Teleportation | 1 | |
| Scroll of Town Portal | 5 | |
| Tome of Retraining | 1 | |
| Potion of Invisibility | 3 | |
| Potion of Lesser Invulnerability | 1 | |
| Staff of Sanctuary | 1 | |
26 total

»
cOruja1980 (
teal | 30 APM | 390 actions | 13:11)
3 Death Knight
2 Death Coil
1 Death Pact
1 Beastmaster
1 Summon Hawk
» actions
| Build / train | 38 | |
| Enter build submenu | 17 | |
| Enter hero's abilities submenu | 4 | |
| Right click | 131 | |
| Select / deselect | 157 | |
| Use ability | 43 | |
390 total
» units
| Acolyte | 7 | |
| Ghoul | 6 | |
| Crypt Fiend | 6 | |
| Frost Wyrm | 2 | |
21 total
» upgrades
| Creature Attack | 2 | |
| Creature Carapace | 1 | |
| Web | 1 | |
4 total
» buildings
| Altar of Darkness | 1 | |
| Ziggurat | 6 | |
| Crypt | 1 | |
| Graveyard | 1 | |
| Tomb of Relics | 1 | |
| Halls of the Dead | 1 | |
| Necropolis | 1 | |
| Sacrificial Pit | 1 | |
| Black Citadel | 1 | |
| Spirit Tower | 1 | |
| Boneyard | 3 | |
18 total
» build order
00:14 Altar of Darkness
00:17 Ziggurat
00:19 Crypt
01:48 Graveyard
01:58 Ziggurat
02:46 Tomb of Relics
03:30 Ziggurat
04:39 Halls of the Dead
06:18 Necropolis
07:26 Sacrificial Pit
08:29 Black Citadel
09:08 Ziggurat
10:14 Spirit Tower
10:17 Ziggurat
10:19 Ziggurat
10:53 Boneyard
11:44 Boneyard
11:54 Boneyard
» items
2064265555 (
yellow | 38 APM | 597 actions | 15:33)
2 Blademaster
1 Wind Walk
1 Critical Strike
1 Tauren Chieftain
1 Shockwave
1 Crypt Lord
1 Impale
» actions
| Basic commands | 11 | |
| Build / train | 44 | |
| Enter build submenu | 19 | |
| Enter hero's abilities submenu | 4 | |
| Give item / drop item | 1 | |
| Right click | 259 | |
| Select / deselect | 209 | |
| Use ability | 50 | |
597 total
» units
| Peon | 8 | |
| Grunt | 4 | |
| Raider | 4 | |
| Frost Wyrm | 1 | |
| Acolyte | 1 | |
18 total
» upgrades
| Berserker Strength | 1 | |
| Armor | 1 | |
| Pillage | 1 | |
| Melee Weapons | 1 | |
| Spiked Barricades | 1 | |
| Ensnare | 1 | |
| Freezing Breath | 1 | |
| Burrow | 1 | |
8 total
» buildings
| Altar of Storms | 1 | |
| Orc Burrow | 4 | |
| Barracks | 1 | |
| War Mill | 1 | |
| Voodoo Lounge | 1 | |
| Stronghold | 1 | |
| Beastiary | 3 | |
| Watch Tower | 3 | |
| Spirit Lodge | 1 | |
| Great Hall | 1 | |
| Ziggurat | 4 | |
21 total
» build order
00:11 Altar of Storms
00:18 Orc Burrow
00:48 Barracks
02:08 Orc Burrow
02:48 War Mill
02:59 Voodoo Lounge
04:23 Stronghold
04:51 Orc Burrow
06:59 Orc Burrow
08:41 Beastiary
09:19 Beastiary
10:53 Beastiary
11:04 Watch Tower
12:12 Spirit Lodge
13:04 Watch Tower
13:07 Watch Tower
13:52 Great Hall
14:35 Ziggurat
14:39 Ziggurat
14:40 Ziggurat
15:25 Ziggurat
» items
| Boots of Speed | 1 | |
| Healing Salve | 2 | |
| Lesser Clarity Potion | 3 | |
| Scroll of Speed | 1 | |
| Dust of Appearance | 1 | |
| Scroll of Regeneration | 1 | |
| Staff of Sanctuary | 1 | |
10 total
team 2 (winner)
Ownage741852963 (
green | 60 APM | 2584 actions | 43:10)
5 Mountain King
3 Storm Bolt
2 Bash
3 Paladin
2 Holy Light
1 Divine Shield
» actions
| Assign group hotkey | 22 | |
| Basic commands | 45 | |
| Build / train | 84 | |
| ESC pressed | 30 | |
| Enter build submenu | 35 | |
| Enter hero's abilities submenu | 9 | |
| Right click | 793 | |
| Select / deselect | 505 | |
| Select group hotkey | 966 | |
| Use ability | 95 | |
2584 total
» units
| Peasant | 17 | |
| Footman | 8 | |
| Knight | 9 | |
| Gryphon Rider | 5 | |
| Rifleman | 1 | |
40 total
» upgrades
| Swords | 3 | |
| Plating | 3 | |
| Lumber Harvesting | 2 | |
| Animal War Training | 1 | |
| Gunpowder | 2 | |
| Armor | 1 | |
| Long Rifles | 1 | |
| Defend | 1 | |
| Masonry | 1 | |
| Storm Hammers | 2 | |
17 total
» buildings
| Farm | 16 | |
| Altar of Kings | 1 | |
| Barracks | 2 | |
| Arcane Vault | 1 | |
| Keep | 1 | |
| Lumber Mill | 1 | |
| Blacksmith | 3 | |
| Castle | 1 | |
| Town Hall | 5 | |
| Scout Tower | 1 | |
| Arcane Tower | 1 | |
| Gryphon Aviary | 2 | |
35 total
» build order
00:23 Farm
00:24 Farm
00:36 Altar of Kings
00:51 Barracks
01:49 Farm
01:53 Farm
03:02 Arcane Vault
03:31 Keep
03:45 Lumber Mill
03:59 Farm
04:08 Blacksmith
04:12 Blacksmith
04:15 Blacksmith
04:59 Farm
06:07 Castle
06:16 Town Hall
06:32 Barracks
07:50 Scout Tower
08:48 Arcane Tower
09:44 Farm
09:46 Farm
09:50 Farm
10:55 Farm
12:00 Farm
15:49 Farm
15:50 Farm
15:52 Farm
15:53 Farm
15:56 Farm
19:51 Gryphon Aviary
19:52 Gryphon Aviary
23:17 Town Hall
24:30 Town Hall
26:49 Town Hall
29:09 Town Hall
» items
| Staff of Teleportation | 2 | |
| Scroll of Regeneration | 3 | |
| Lesser Clarity Potion | 2 | |
| Staff of Sanctuary | 1 | |
| Scroll of Town Portal | 6 | |
14 total
Wife-Beater (
blue | 49 APM | 2121 actions | 43:10)
5 Blademaster
3 Wind Walk
2 Critical Strike
» actions
| Assign group hotkey | 34 | |
| Basic commands | 356 | |
| Build / train | 67 | |
| Enter build submenu | 55 | |
| Enter hero's abilities submenu | 5 | |
| Give item / drop item | 1 | |
| Remove unit from queue | 9 | |
| Right click | 690 | |
| Select / deselect | 437 | |
| Select group hotkey | 204 | |
| Use ability | 263 | |
2121 total
» units
» upgrades
| Ranged Weapons | 3 | |
| Armor | 3 | |
| Pillage | 1 | |
| Reinforced Defenses | 1 | |
| Envenomed Spears | 1 | |
9 total
» buildings
| Orc Burrow | 6 | |
| Altar of Storms | 1 | |
| Barracks | 1 | |
| Voodoo Lounge | 2 | |
| War Mill | 3 | |
| Stronghold | 1 | |
| Great Hall | 1 | |
| Watch Tower | 27 | |
| Fortress | 1 | |
| Beastiary | 7 | |
50 total
» build order
00:13 Orc Burrow
00:50 Altar of Storms
00:53 Barracks
01:04 Orc Burrow
01:40 Voodoo Lounge
01:47 Voodoo Lounge
02:40 War Mill
03:58 Stronghold
05:00 Great Hall
05:11 Watch Tower
05:12 Watch Tower
06:26 Orc Burrow
06:27 Orc Burrow
06:44 Watch Tower
06:45 Watch Tower
07:28 Watch Tower
07:29 Watch Tower
07:29 Watch Tower
07:30 Watch Tower
08:51 Fortress
09:10 Watch Tower
09:11 Watch Tower
09:18 Watch Tower
12:04 Watch Tower
12:06 Watch Tower
12:58 Watch Tower
13:00 Watch Tower
13:49 Beastiary
13:56 Beastiary
14:00 Beastiary
15:00 Beastiary
15:38 Orc Burrow
15:43 Orc Burrow
16:20 War Mill
16:24 War Mill
18:30 Watch Tower
18:34 Watch Tower
18:37 Watch Tower
26:41 Beastiary
26:42 Beastiary
26:44 Beastiary
26:49 Watch Tower
26:50 Watch Tower
26:51 Watch Tower
26:54 Watch Tower
26:55 Watch Tower
26:56 Watch Tower
» items
| Healing Salve | 4 | |
| Orb of Lightning | 1 | |
| Staff of Teleportation | 1 | |
| Scroll of Town Portal | 2 | |
| Potion of Healing | 2 | |
| Potion of Mana | 1 | |
| Lesser Clarity Potion | 1 | |
12 total
Duke.adrian (
red | 61 APM | 1446 actions | 23:44)
4 Dreadlord
2 Vampiric Aura
2 Carrion Swarm
2 Death Knight
1 Death Coil
1 Unholy Aura
» actions
| Assign group hotkey | 22 | |
| Basic commands | 28 | |
| Build / train | 67 | |
| Enter build submenu | 23 | |
| Enter hero's abilities submenu | 6 | |
| Right click | 453 | |
| Select / deselect | 321 | |
| Select group hotkey | 473 | |
| Use ability | 53 | |
1446 total
» units
| Acolyte | 13 | |
| Ghoul | 7 | |
| Gargoyle | 8 | |
| Frost Wyrm | 3 | |
31 total
» upgrades
| Cannibalize | 1 | |
| Creature Attack | 3 | |
| Creature Carapace | 3 | |
| Freezing Breath | 1 | |
8 total
» buildings
| Crypt | 3 | |
| Altar of Darkness | 1 | |
| Ziggurat | 11 | |
| Graveyard | 1 | |
| Tomb of Relics | 1 | |
| Halls of the Dead | 1 | |
| Spirit Tower | 6 | |
| Nerubian Tower | 3 | |
| Necropolis | 1 | |
| Black Citadel | 1 | |
| Sacrificial Pit | 1 | |
| Boneyard | 3 | |
33 total
» build order
00:22 Crypt
00:28 Altar of Darkness
00:43 Ziggurat
01:07 Graveyard
01:22 Tomb of Relics
02:00 Ziggurat
04:11 Ziggurat
04:34 Ziggurat
04:46 Ziggurat
05:25 Halls of the Dead
05:37 Spirit Tower
05:39 Nerubian Tower
06:00 Crypt
06:26 Crypt
06:33 Ziggurat
06:37 Necropolis
07:47 Spirit Tower
08:07 Black Citadel
08:19 Sacrificial Pit
10:40 Boneyard
10:46 Boneyard
10:51 Boneyard
12:17 Ziggurat
12:20 Ziggurat
12:53 Spirit Tower
15:36 Spirit Tower
16:48 Ziggurat
16:50 Ziggurat
16:52 Ziggurat
17:40 Spirit Tower
17:42 Nerubian Tower
19:26 Spirit Tower
19:28 Nerubian Tower
» items
| Sacrificial Skull | 1 | |
| Rod of Necromancy | 1 | |
| Scroll of Town Portal | 4 | |
| Orb of Corruption | 2 | |
| Dust of Appearance | 1 | |
9 total
Andre3000 (
purple | 27 APM | 1065 actions | 38:57)
5 Demon Hunter
1 Mana Burn
3 Immolation
1 Evasion
» actions
| Assign group hotkey | 3 | |
| Basic commands | 25 | |
| Build / train | 92 | |
| Enter build submenu | 20 | |
| Enter hero's abilities submenu | 5 | |
| Remove unit from queue | 4 | |
| Right click | 527 | |
| Select / deselect | 353 | |
| Select group hotkey | 2 | |
| Use ability | 34 | |
1065 total
» units
| Wisp | 24 | |
| Archer | 2 | |
| Huntress | 2 | |
| Dryad | 9 | |
| Druid of the Claw | 8 | |
| Glaive Thrower | 4 | |
| Hippogryph | 8 | |
| Frost Wyrm | 11 | |
68 total
» upgrades
| Abolish Magic | 1 | |
| Strength of the Wild | 3 | |
| Druid of the Claw Training | 2 | |
| Reinforced Hides | 1 | |
| Mark of the Claw | 1 | |
8 total
» buildings
| Altar of Elders | 1 | |
| Moon Well | 7 | |
| Ancient of War | 1 | |
| Tree of Ages | 4 | |
| Hunter's Hall | 1 | |
| Ancient of Lore | 2 | |
| Tree of Eternity | 2 | |
| Tree of Life | 4 | |
| Ancient of Wind | 1 | |
| Ancient Protector | 1 | |
24 total
» build order
00:12 Altar of Elders
00:43 Moon Well
01:24 Ancient of War
01:38 Moon Well
02:41 Tree of Ages
02:42 Tree of Ages
03:33 Hunter's Hall
05:11 Ancient of Lore
05:27 Ancient of Lore
06:17 Tree of Eternity
08:10 Moon Well
08:25 Tree of Life
09:10 Moon Well
11:58 Moon Well
13:45 Moon Well
16:33 Tree of Life
16:38 Moon Well
20:45 Ancient of Wind
23:15 Tree of Life
26:16 Ancient Protector
28:18 Tree of Life
Chat log
(03:47 / Allies) Andre3000: units?
(07:40 / All) Duke.adrian: murdered
(07:53 / All) popsurpuse: 3 wisps
(08:40 / All) Duke.adrian: murdered
(10:28 / Allies) Ownage741852963: ty
(12:06 / All) popsurpuse: great team
(12:39 / All) Duke.adrian: u have been murdered
(13:08 / Allies) Wife-Beater: lumber?
(13:32 / Allies) Wife-Beater: lumberS?
(14:39 / All) Andre3000: lol
(14:44 / All) Summerowns: You lose
(14:45 / All) Summerowns: out
(14:50 / All) Andre3000: yellow chasing around wisps while his base gets destroyed
(15:03 / Allies) Wife-Beater: purp can I get some lumbs
(15:06 / Allies) Wife-Beater: wood
(15:07 / Allies) Wife-Beater: lumber
(16:13 / Allies) Wife-Beater: need lubmer
(17:12 / All) Andre3000: lol
(17:15 / All) Andre3000: nice towers
(17:16 / All) Summerowns: out noobs
(17:17 / All) Summerowns: you lose
(19:02 / Allies) Andre3000: wtf
(19:05 / Allies) Andre3000: blue is tking
(19:26 / All) Summerowns: out noobs
(19:58 / Allies) Andre3000: told you
(20:00 / All) Summerowns: out noobs you lose scrubs
(20:44 / All) Duke.adrian: umm
(20:53 / Allies) Andre3000: i told you hes tking...
(21:02 / All) Summerowns: out noob
(21:03 / All) Duke.adrian: yo dick
(21:08 / Allies) Wife-Beater: lumber
(21:37 / All) Duke.adrian: need wood
(21:46 / Allies) Wife-Beater: lumber plesase
(29:34 / Allies) Wife-Beater: yo uwon't get it FAGGOT
(29:34 / Allies) Wife-Beater: LOL
(29:39 / Allies) Wife-Beater: watch
(29:50 / Allies) Wife-Beater: LOL
(30:05 / Allies) Wife-Beater: LOL
(32:39 / All) Summerowns: ownage
(35:47 / All) Summerowns: finally got mass tp
(35:52 / All) Summerowns: and nothing to use it on
(35:59 / All) Wife-Beater: your dudes killed my bm lol
(36:03 / All) Summerowns: lawl
(36:07 / All) Summerowns: fucking aoe
(36:20 / All) Wife-Beater: wonder why they still ehre
(36:48 / All) Summerowns: I have 3.7k wood right now
(36:55 / All) Summerowns: I think the most wood surplus I've ever had on this map, this game
(36:56 / All) Wife-Beater: I have 3.2k
(36:58 / All) Summerowns: had a shitload of wood all game
(37:02 / All) Wife-Beater: this map has lots of wood
(37:06 / All) Andre3000: haha nice
(37:08 / All) Wife-Beater: but it's harder to extract early because of no shreddar
(37:10 / All) Summerowns: no shredders sadly
(37:11 / All) Summerowns: yeah
(37:14 / All) Andre3000: true ^^
(37:19 / All) Summerowns: you lose btw purple
(37:24 / All) Summerowns: not sure you've noticed
(37:24 / All) Andre3000: fuck
(37:29 / All) Andre3000: r u serious
(37:31 / All) Wife-Beater: lol
(37:34 / All) Wife-Beater: deadly serious
(37:48 / All) Andre3000: that terrible!
(37:58 / All) Wife-Beater: It's just the breaks
(38:12 / All) Andre3000: hey why r u killing urself
(38:19 / All) Wife-Beater: Cuz you lose
(38:33 / All) Andre3000: that doesnt make sense
(38:38 / All) Wife-Beater: Yeah it does
(38:44 / All) Wife-Beater: Pink and I were in cahoots
(38:48 / All) Wife-Beater: from before the game started
(38:52 / All) Andre3000: you should kill urself in real life
(38:56 / All) Andre3000: lol!
(38:58 / All) Wife-Beater: Now now
(39:04 / All) Summerowns: lol
(39:05 / All) Wife-Beater: That was rather rude I dare say
(39:17 / All) Summerowns: Green still here lol
(39:21 / All) Wife-Beater: How is life treating you green?
(39:25 / All) Summerowns: I would stats him but fuck typing in all those numbers
(39:43 / All) Wife-Beater: I don't think he's said anything
(39:52 / All) Wife-Beater: He almost cracked open my base before I could notice
(40:15 / All) Wife-Beater: I should have kept better care of my wyvs at reds but it ws
(40:21 / All) Wife-Beater: looking like green wasn't going to retaliate
(40:33 / All) Wife-Beater: till most my birds were dead or gone
(40:37 / All) Wife-Beater: dead or hurt*
(40:49 / All) Summerowns: I was distracted this game
(40:53 / All) Summerowns: got someone on IRC trying to talk to me
(40:59 / All) Summerowns: didn't even notice when your base was getting hit
(41:02 / All) Wife-Beater: shoulda killed their expos fater
(41:03 / All) Wife-Beater: faster
(41:08 / All) Summerowns: still raped your whole team alright
(42:09 / All) Summerowns: So much better games without a third stabber
(42:12 / All) Summerowns: two good games so far
(42:27 / All) Wife-Beater: Especially when that third stabber
(42:32 / All) Wife-Beater: is of shabby quality
(42:37 / All) Wife-Beater: Really poor at his craft
(42:38 / All) Summerowns: yeh
(42:54 / All) Wife-Beater: a nincompoop